 Dungeon Crawl Stone Soup version 0.17.1-1-g73c8601 (webtiles) character file.

14506 PossumBlood the Fencer (level 11, -4/104 HPs)
             Began as a Minotaur Fighter on Dec 18, 2015.
             Was a High Priest of Okawaru.
             Slain by an ettin
             ... wielding a +0 dire flail
              (12 damage)
             ... on level 4 of the Orcish Mines.
             The game lasted 00:41:08 (13754 turns).

PossumBlood the Fencer (Minotaur Fighter)          Turns: 13754, Time: 00:41:08

Health: -4/104     AC: 29    Str: 28    XL:     11   Next: 89%
Magic:  3/10       EV:  9    Int:  5    God:    Okawaru [*****.]
Gold:   1188       SH:  0    Dex: 10    Spells: 0 memorised, 10 levels left

rFire  . . .     SeeInvis .     t - +1 great sword
rCold  . . .     Clarity  .     s - +3 plate armour
rNeg   . . .     SustAt   .     (shield currently unavailable)
rPois  .         Gourm    .     (helmet restricted)
rElec  .         Spirit   .     G - +2 cloak {+Inv}
rCorr  .         Warding  .     (no gloves)
rMut   .         Stasis   .     (no boots)
MR     .....                    (no amulet)
Stlth  ..........               J - +2 ring of strength
                                e - +6 ring of protection

@: about to teleport, heroism, finesse, heavily drained, not resistant to
hostile enchantments, extremely unstealthy
A: retaliatory headbutt, horns 2, sense surroundings 1, strong 1
a: Heroism, Finesse, Renounce Religion, Evoke Invisibility


You were on level 4 of the Orcish Mines.
You worshipped Okawaru.
Okawaru was extremely pleased with you.
You were not hungry.

You visited 2 branches of the dungeon, and saw 14 of its levels.
You also visited: Ossuary.

You collected 1300 gold pieces.
You spent 112 gold pieces at shops.

Inventory:

Hand Weapons
 a - a +0 long sword
 t - a +1 great sword (weapon)
 I - a +1 long sword of electrocution
Missiles
 u - 23 tomahawks (quivered)
 H - 3 tomahawks of returning
Armour
 c - a +0 shield
 s - a +3 plate armour (worn)
 G - a +2 cloak of invisibility (worn)
Magical Staves
 E - an uncursed staff of cold {unknown}
Jewellery
 e - a +6 ring of protection (left hand)
 q - a +4 ring of dexterity {unknown}
 y - an uncursed ring of protection from magic
 F - an uncursed ring of ice
 J - a +2 ring of strength (right hand)
Wands
 g - a wand of digging (8)
 k - a wand of invisibility (5)
 B - a wand of slowing (23)
Scrolls
 f - a scroll of blinking
 m - 4 scrolls of magic mapping
 n - 5 scrolls of teleportation
 o - a scroll of recharging
 x - a scroll of fog
Potions
 d - a potion of might
 h - a potion of brilliance
 j - 4 potions of haste
 l - a potion of resistance
 p - 4 potions of curing
 w - a potion of flight {unknown}
 z - 3 potions of agility
 A - 2 potions of magic
 C - a potion of cancellation {unknown}
Books
 r - a book of Hinderance

   Spells                             Type                      Level
   a - Confusing Touch                Hexes                        2
   b - Confuse                        Hexes                        3
   c - Gell's Gravitas                Hexes/Translocation          3
   d - Petrify                        Transmutation/Earth          4
   e - Metabolic Englaciation         Hexes/Ice                    5
Miscellaneous
 D - a plain deck of wonders
Comestibles
 i - 5 meat rations
 v - 3 bread rations


   Skills:
 + Level 12.0(15.0) Fighting
 * Level 15.6(18.5) Long Blades
 + Level 12.0(15.0) Armour
 - Level 3.6(7.0) Shields


You had 10 spell levels left.
You didn't know any spells.

Dungeon Overview and Level Annotations

Branches:
Dungeon (10/15)            Temple (0/1) D:7             Orc (4/4) D:10
    Elf (0/3) Orc:3
   Lair: D:8-11

Altars:
Ashenzari
Cheibriados
Dithmenos
Fedhas
Gozag
Kikubaaqudgha
Okawaru
Qazlal
Ru
Trog
Vehumet
Xom
Yredelemnul
The Shining One

Shops:
Orc:4 *


Innate Abilities, Weirdness & Mutations

You reflexively headbutt those who attack you in melee.
You have a pair of horns on your head.
You passively map a small area around you.
Your muscles are strong. (Str +2)


Message History

The ettin hits you but does no damage.
You gain the combat prowess of a mighty hero.
You feel slightly more hungry. The orc barely misses you.
You furiously retaliate!
You headbutt the orc.
The ettin hits you but does no damage. x2
You can now deal lightning-fast blows.
You feel somewhat more hungry. The orc closely misses you.
You hit the ettin.
The ettin is lightly wounded.
The ettin hits you with a dire flail!! x2
* * * LOW HITPOINT WARNING * * *
An orc comes into view.
Drink which item? (? for menu, Esc to quit)
Okay, then.
Read which item? (? for menu, Esc to quit)
As you read the scroll of teleportation, it crumbles to dust.
You feel strangely unstable.
The orc shouts!
The orc barely misses you. The ettin hits you with a dire flail!
You die...

, ,
*#................
,#................ ,
,, #............... ,
#..##........#.. *
#...........#... *
,##.#....#...#... *
,##............... ,
, ##...#............
, #@o..##...........
**#Coo...###.....#...
, , *..o....##
##........ #ooo....##
#...#..... o........#
##.#....#.
o.........# ##......#
..........., ##..#.##
, ............ *
#...## *, , , #...#


You could see an ettin, an orc warrior (wandering), 2 orc wizards and 6 orcs.

Vanquished Creatures
  Fannar (Orc:2)
  Harold (Orc:3)
  Nergalle (Orc:2)
  A hill giant (D:10)
  An unseen horror (D:10)
  Pikel (D:7)
  The ghost of PossumBlood the Slasher, a novice FoFi (D:6)
  An ugly thing (D:10)
  An orc sorcerer (Orc:3)
  Maurice (Orc:2)
  Joseph (D:8)
  2 trolls
  A spriggan (D:7)
  Sigmund (D:2)
  A trapdoor spider (D:10)
  A wraith (D:8)
  A hungry ghost (D:9)
  5 wargs
  A water moccasin (D:6)
  12 orc warriors
  2 ice beasts
  A black bear (D:10)
  5 ogres
  2 necrophages
  2 phantoms
  A centaur (D:5)
  4 sky beasts
  3 elf zombies (Ossuary)
  Blork the orc (D:5)
  4 giant frogs
  2 big kobolds
  2 scorpions
  9 killer bees
  4 wights (D:8)
  4 centaur zombies
  8 crimson imps
  A jelly (D:10)
  A quasit (D:6)
  A human zombie (Ossuary)
  3 centaur skeletons
  20 orc priests
  2 hounds
  24 orc wizards
  3 giant frog skeletons
  3 worker ants
  3 iguanas
  3 big kobold zombies (Ossuary)
  2 worker ant zombies
  2 hound skeletons
  2 mummies (Ossuary)
  13 adders
  3 gnolls (Orc:3)
  6 shadow imps
  An ooze (D:2)
  An adder zombie (D:8)
  An adder skeleton (D:9)
  2 worms (D:2)
  7 giant geckos
  103 orcs
  14 bats
  8 goblins
  11 hobgoblins
  14 jackals
  16 kobolds
  5 quokkas
  A ball python (D:1)
  A ball python zombie (D:5)
  7 giant cockroaches
  A giant gecko skeleton (D:7)
  3 giant newts
  A goblin zombie (Ossuary)
  9 hobgoblin zombies (Ossuary)
  A jackal skeleton (D:3)
  13 kobold zombies (Ossuary)
  5 orc zombies (Ossuary)
  A quokka skeleton (D:7)
  A quokka zombie (D:8)
  10 rats
  A rat zombie (D:8)
420 creatures vanquished.

Vanquished Creatures (others)
  3 slaves (D:7)
  A human (D:10)
  An orc wizard (D:7)
  A necrophage (D:7)
  2 giant frogs (D:7)
  A crimson imp (D:7)
  A hound (D:7)
  An orc priest (D:7)
  5 sheep (D:3)
  A mummy (D:7)
  2 adders (D:7)
  2 orcs (D:7)
21 creatures vanquished.

Grand Total: 441 creatures vanquished

Notes
Turn   | Place    | Note
--------------------------------------------------------------
     0 | D:1      | PossumBlood the Minotaur Fighter began the quest for the Orb.
     0 | D:1      | Reached XP level 1. HP: 19/19 MP: 0/0
   178 | D:1      | Reached skill level 4 in Armour
   217 | D:1      | Reached XP level 2. HP: 27/27 MP: 1/1
   255 | D:1      | Found a shattered altar of Ashenzari.
   633 | D:1      | Reached XP level 3. HP: 33/33 MP: 2/2
  1018 | D:2      | Noticed Sigmund
  1032 | D:2      | Killed Sigmund
  1032 | D:2      | Reached skill level 5 in Fighting
  1032 | D:2      | Reached XP level 4. HP: 10/42 MP: 3/3
  1032 | D:2      | Reached XP level 5. HP: 11/48 MP: 4/4
  1037 | D:2      | Reached skill level 5 in Armour
  1440 | D:2      | Reached skill level 5 in Long Blades
  1936 | D:2      | Found an opulent altar of Gozag.
  2025 | D:3      | Reached XP level 6. HP: 53/56 MP: 5/5
  2132 | D:3      | Found a sacrificial altar of Ru.
  2627 | D:3      | Found a shimmering altar of Xom.
  2878 | D:4      | Reached skill level 6 in Long Blades
  2984 | D:4      | Found an ancient bone altar of Kikubaaqudgha.
  3379 | D:5      | Entered Level 5 of the Dungeon
  3507 | D:5      | Reached XP level 7. HP: 60/63 MP: 6/6
  3661 | D:5      | Found a radiant altar of Vehumet.
  3689 | D:5      | Gained mutation: You passively map a small area around you. [potion of beneficial mutation]
  3690 | D:5      | Gained mutation: Your muscles are strong. (Str +2) [potion of beneficial mutation]
  3916 | D:5      | Reached skill level 7 in Long Blades
  4078 | D:5      | Found a stormy altar of Qazlal.
  4080 | D:5      | Noticed a fire elemental
  4081 | D:5      | Noticed an air elemental
  4081 | D:5      | Noticed a water elemental
  4629 | D:5      | Noticed Blork the orc
  4641 | D:5      | Killed Blork the orc
  4863 | D:6      | Reached skill level 8 in Long Blades
  4872 | D:6      | Found a blossoming altar of Fedhas.
  4933 | D:6      | Reached XP level 8. HP: 60/73 MP: 7/7
  5401 | D:6      | Noticed PossumBlood's ghost (novice FoFi)
  5428 | D:6      | Killed PossumBlood's ghost
  5428 | D:6      | Reached skill level 9 in Long Blades
  6029 | D:6      | Found an iron altar of Okawaru.
  6034 | D:6      | Became a worshipper of Warmaster Okawaru
  6044 | D:6      | Found a glowing golden altar of the Shining One.
  6164 | D:7      | Found a bloodstained altar of Trog.
  6248 | D:7      | Reached skill level 10 in Long Blades
  6285 | D:7      | Reached XP level 9. HP: 71/81 MP: 8/8
  6310 | D:7      | Noticed Pikel
  6337 | D:7      | Killed Pikel
  6645 | D:7      | Reached * piety under Okawaru
  6666 | D:7      | Found a snail-covered altar of Cheibriados.
  6690 | D:7      | Found a staircase to the Ecumenical Temple.
  6714 | D:7      | Reached skill level 11 in Long Blades
  7173 | D:7      | Reached ** piety under Okawaru
  7689 | D:8      | Reached skill level 12 in Long Blades
  7830 | D:8      | Reached XP level 10. HP: 91/91 MP: 9/9
  8055 | D:8      | Found a basalt altar of Yredelemnul.
  8101 | D:8      | Found a sand-covered staircase.
  8117 | Ossuary  | Entered an ossuary
  8298 | Ossuary  | Reached *** piety under Okawaru
  8418 | D:8      | Noticed Joseph
  8431 | D:8      | Killed Joseph
  8435 | D:8      | Reached skill level 10 in Fighting
  8892 | D:9      | Reached skill level 13 in Long Blades
  8999 | D:9      | Reached skill level 10 in Armour
  9537 | D:9      | Found a shadowy altar of Dithmenos.
  9617 | D:10     | Entered Level 10 of the Dungeon
  9620 | D:10     | Noticed a red ugly thing
  9634 | D:10     | Killed a red ugly thing
  9970 | D:10     | Found a staircase to the Orcish Mines.
  9980 | D:10     | Reached **** piety under Okawaru
 10029 | D:10     | Killed an unseen horror
 10323 | D:10     | Reached XP level 11. HP: 90/101 MP: 10/10
 10367 | D:10     | Reached skill level 14 in Long Blades
 10828 | D:10     | Found an ancient bone altar of Kikubaaqudgha.
 10896 | D:10     | Noticed a hill giant
 10902 | D:10     | Killed a hill giant
 10902 | D:10     | Reached ***** piety under Okawaru
 10982 | Orc:1    | Entered Level 1 of the Orcish Mines
 11511 | Orc:2    | Noticed Maurice
 11565 | Orc:2    | Killed Maurice
 11925 | Orc:2    | Noticed Fannar
 11930 | Orc:2    | Noticed Nergalle
 11935 | Orc:2    | Killed Fannar
 11941 | Orc:2    | Killed Nergalle
 11946 | Orc:2    | Received a gift from Okawaru
 12193 | Orc:3    | Found a staircase to the Elven Halls.
 12245 | Orc:3    | Noticed a soul eater
 12249 | Orc:3    | Paralysed by an orc sorcerer for 4 turns
 12262 | Orc:3    | Reached skill level 15 in Long Blades
 12812 | Orc:3    | Noticed Harold
 12836 | Orc:3    | Killed Harold
 13325 | Orc:4    | Entered Level 4 of the Orcish Mines
 13566 | Orc:4    | Found Splamos's Superlative Supplies.
 13583 | Orc:4    | Bought a +2 ring of strength for 112 gold pieces
 13743 | Orc:4    | Noticed an ettin
 13754 | Orc:4    | Slain by an ettin

Action                   |  1- 3 |  4- 6 |  7- 9 | 10-12 || total
-------------------------+-------+-------+-------+-------++-------
Melee: Long sword        |    78 |   220 |   412 |     3 ||   713
       Great sword       |       |       |       |   653 ||   653
Invok: Heroism           |       |       |       |     2 ||     2
       Finesse           |       |       |       |     1 ||     1
  Use: Scroll            |     5 |    13 |     3 |     7 ||    28
       Potion            |       |     2 |     2 |     6 ||    10
 Stab: Paralysed         |       |     2 |       |       ||     2
  Eat: Bread ration      |       |     2 |     3 |     4 ||     9
       Fruit             |       |       |     3 |       ||     3
       Beef jerky        |       |       |     1 |     2 ||     3
       Meat ration       |       |       |       |     1 ||     1
